 Dungeon Crawl Stone Soup version 0.20-a0-945-g3bf614a (webtiles) character file.

70 polly the Slasher (level 4, -3/37 HPs)
             Began as a Draconian Gladiator on Apr 2, 2017.
             Slain by a worm (7 damage)
             ... on level 2 of the Dungeon.
             The game lasted 00:01:39 (1226 turns).

polly the Slasher (Draconian Gladiator)             Turns: 1226, Time: 00:01:39

Health: -3/37      AC:  5    Str: 17    XL:     4   Next: 4%
Magic:  4/4        EV: 12    Int: 12    God:
Gold:   67         SH:  0    Dex: 13    Spells: 3/3 levels left

rFire    . . .     SeeInvis +   a - +0 long sword
rCold    + . .     Gourm    .   (no shield)
rNeg     . . .     Faith    .   (armour unavailable)
rPois    .         Spirit   .   b - +0 hat
rElec    .         Reflect  .   l - scarf {rC+}
rCorr    .         Harm     .   (no gloves)
MR       .....                  (no boots)
Stlth    +.........             (no amulet)
Regen    0.2/turn               k - +4 ring of intelligence
MPRegen  0.1/turn               h - ring of see invisible

@: heavily drained
A: unfitting armour, cold-blooded, AC +5
a: no special abilities


You were on level 2 of the Dungeon.
You were not hungry.

You visited 1 branch of the dungeon, and saw 2 of its levels.

You collected 67 gold pieces.

Inventory:

Hand Weapons
 a - a +0 long sword (weapon)
Missiles
 c - 2 throwing nets (quivered)
Armour
 b - a +0 hat (worn)
 l - a scarf of cold resistance (worn)
Jewellery
 e - an uncursed ring of resist corrosion
 h - a ring of see invisible (right hand)
 k - a +4 ring of intelligence (left hand)
Scrolls
 i - a scroll of teleportation {unknown}
 j - 4 scrolls of identify {unknown}
 m - a scroll of blinking {unknown}
 o - a scroll of recharging {unknown}
Potions
 f - a potion of flight {unknown}
 g - a potion of resistance {unknown}
 n - a potion of brilliance {unknown}
Comestibles
 d - 2 bread rations


   Skills:
 + Level 2.5(1.1) Fighting
 + Level 3.9(2.4) Long Blades
 + Level 2.1(0.8) Throwing
 + Level 3.3(1.9) Dodging
 + Level 0.4(0.0) Stealth


You had 3 spell levels left.
You didn't know any spells.

Dungeon Overview and Level Annotations

Branches:
Dungeon (2/15)

Altars:
Dithmenos


Innate Abilities, Weirdness & Mutations

Your plain brown scales are hard. (AC +5)
You cannot fit into any form of body armour.
You are cold-blooded and may be slowed by cold attacks.


Message History

You have reached level 4!
You feel stronger.
You barely miss the rat. The rat bites you but does no damage.
You slash the rat!
You kill the rat!
You hit the goblin.
The goblin is heavily wounded.
The goblin misses you.
You hit the goblin but do no damage.
The goblin is heavily wounded.
The goblin hits you. The goblin misses you.
You hit the goblin.
You kill the goblin!
The worm bites you!
* * * LOW HITPOINT WARNING * * *
Items here: ! )))))) ? [[ †††††† You hit the worm.
The worm is lightly wounded.
The worm bites you!
You die...

#.....#
#..#### #.†#
#..#####
#...†..#######
##..÷.........
#####)######
#.# #@# #w#
#.# #.# #.#
#.. #.. #..


You could see a worm.

Vanquished Creatures
  Robin (D:2)
  An adder (D:2)
  A worm (D:2)
  A dart slug (D:1)
  4 giant cockroaches
  11 goblins
  7 hobgoblins
  A kobold (D:1)
  A quokka (D:2)
  6 bats
  4 frilled lizards
  5 rats
43 creatures vanquished.

Notes
Turn   | Place    | Note
-------+----------+-------------------------------------------
     0 | D:1      | polly the Draconian Gladiator began the quest for the Orb.
     0 | D:1      | Reached XP level 1. HP: 17/17 MP: 1/1
   256 | D:1      | Reached XP level 2. HP: 22/25 MP: 2/2
   969 | D:2      | Reached XP level 3. HP: 29/30 MP: 3/3
  1010 | D:2      | Found a shadowy altar of Dithmenos.
  1191 | D:2      | Noticed Robin
  1201 | D:2      | Killed Robin
  1219 | D:2      | Reached XP level 4. HP: 16/37 MP: 4/4
  1226 | D:2      | Slain by a worm

Vault maps used:
D:1:      roderic_dead_forest, minmay_misc_feat_nine_boxes, grunt_decor_cap,
          minmay_tall_x
D:2:      marbit_many_paths, dk_noncrumbling_4, uniq_terence, uniq_robin

Skill      XL: |  1  2 |
---------------+-------+-----
Throwing       | 2 |  2.1
Dodging        | 3 |  3.3
Fighting       | |  2.5
Long Blades    | |  3.9
Stealth        | |  0.4

Action                   |  1- 3 |  4- 6 || total
-------------------------+-------+-------++-------
Melee: Long sword        |   116 |     6 ||   122
       Tailslap          |    14 |       ||    14
Throw: Throwing net      |     1 |       ||     1
 Stab: Held in net/web   |     1 |       ||     1
  Eat: Chunk             |     1 |       ||     1
Armor: Skin              |    40 |     1 ||    41
Dodge: Dodged            |    79 |     2 ||    81
       Rpst.: Long sword |    19 |       ||    19
